 Dungeon Crawl Stone Soup version 0.31.0-1-g2c135a008e (webtiles) character file.

Game seed: 8034039942731405707

70 qw the Shooter (level 4, -5/34 HPs)
             Began as a Djinni Hunter on Jan 24, 2024.
             Slain by a gnoll
             ... wielding a +0 halberd
              (6 damage)
             ... on level 2 of the Dungeon.
             The game lasted 00:00:04 (1019 turns).

qw the Shooter (Djinni Hunter)                      Turns: 1019, Time: 00:00:04

Health: -5/34      AC:  5    Str: 10    XL:     4   Next: 45%
Gold:   105        EV: 11    Int: 11    God:
                   SH:  0    Dex: 18

rFire   + + .        a - +1 shortbow
rCold   . . .        (shield currently unavailable)
rNeg    . . .        k - +0 ring mail
rPois   inf          (no helmet)
rElec   .            (no cloak)
rCorr   .            (no gloves)
SInv    .            (boots unavailable)
Will    .....        (no amulet)
Stlth   +            l - ring of protection from cold
HPRegen 0.25/turn    (no ring)
MPRegen 0.00/turn

%: infuse magic (-6 HP)
@: flying
A: sickness immunity, fire resistance 2, cold vulnerability 1, float, innate
caster, HP casting, extra vitality 1
a: no special abilities


You were on level 2 of the Dungeon.
You visited 1 branch of the dungeon, and saw 2 of its levels.

You collected 105 gold pieces.


Innate Abilities, Weirdness & Mutations

You are immune to sickness and miasma.
You are immune to poison.
Your flesh is very heat resistant. (rF++)
You are vulnerable to cold. (rC-)
You float through the air rather than walking.
You learn spells naturally, not from books.
Your magical power is your life essence.
You have superior vitality. (+4 MHP)


   Skills:
 + Level 2.8 Fighting
 - Level 4.0 Ranged Weapons
 - Level 1.3 Armour
 - Level 2.1 Dodging
 - Level 0.7 Stealth


You knew the following spells:

 Your Spells              Type           Power      Damage    Failure   Level
a - Slow                  Hex            0%         N/A       65%         1
Your spell library was empty.

Inventory:

Hand Weapons
 a - a +1 shortbow (weapon)
Armour
 k - a +0 ring mail (worn)
Jewellery
 l - a ring of protection from cold (left hand)
Potions
 b - a potion of brilliance {unknown}
 c - a potion of enlightenment {unknown}
 d - 2 potions of curing
 e - a potion of might {unknown}
 g - a potion of heal wounds {unknown}
 h - a potion of resistance {unknown}

Dungeon Overview and Level Annotations

Branches:
Dungeon (2/15)

Altars:


Message History

Enter note:
Enter note:
Enter note:
Enter note:
1008 ||| RETREEEEATING.
A gnoll comes into view. It is wielding a +0 halberd.
1010 ||| RETREEEEATING.
You shoot an arrow. The gnoll shouts!
The arrow hits the gnoll.
The gnoll is severely wounded.
You shoot an arrow. The arrow hits the gnoll!
You kill the gnoll!
You shoot an arrow. The arrow closely misses the gnoll.
The gnoll hits you with a +0 club.
You shoot an arrow. The arrow closely misses the gnoll.
The arrow hits the gnoll!
The gnoll is almost dead.
The gnoll hits you with a +0 club.
The gnoll hits you from afar with a +0 halberd.
The gnoll closely misses you.
You shoot an arrow. The arrow barely misses the gnoll.
The arrow hits the gnoll!
You kill the gnoll!
The gnoll hits you from afar with a +0 halberd.
The gnoll completely misses you.
You shoot an arrow. The arrow hits the gnoll.
The gnoll is moderately wounded.
The gnoll barely misses you. x2
You shoot an arrow.
The arrow hits the gnoll but does no damage.
The gnoll is moderately wounded.
The gnoll barely misses you. The gnoll hits you with a +0 club.
The gnoll closely misses you.
You shoot an arrow. The arrow barely misses the gnoll.
The gnoll hits you with a +0 club.
The gnoll hits you from afar with a +0 halberd.
The gnoll hits you with a +0 club.
You shoot an arrow. The arrow barely misses the gnoll.
The gnoll hits you from afar with a +0 halberd.
You die...

######## #...
..# #####.####.#
#........#.#
#####.###.##.#.#
#)g@..# #.##.#.#
......g#####
#......##
.#..###
####....# ...
####.# . #.#
######## #.#
#......# #.#
#.^....#
######.#
#......#
#......#


You could see 2 gnolls.

Vanquished Creatures
  3 adders (D:2)
  2 gnolls (D:2)
  A dart slug (D:1)
  A ribbon worm (D:2)
  A ball python (D:2)
  An endoplasm (D:1)
  2 giant cockroaches
  3 goblins
  2 hobgoblins (D:1)
  A kobold (D:1)
  A quokka (D:1)
  A frilled lizard (D:2)
  2 rats
21 creatures vanquished.

Notes
Turn   | Place    | Note
-------+----------+-------------------------------------------
     0 | D:1      | qw the Djinni Hunter began the quest for the Orb.
     0 | D:1      | Reached XP level 1. HP: 18/18 MP: 0/0
     0 | D:1      | 0 ||| qw: Version: 0.3-a-136-gdd3b4e8
     0 | D:1      | 0 ||| qw: Game counter: 1211
     0 | D:1      | 0 ||| qw: Melee chars always use a shield: true
     0 | D:1      | 0 ||| qw: God list: Okawaru
     0 | D:1      | 0 ||| qw: Allow faded altars: false
     0 | D:1      | 0 ||| qw: Do Orc after clearing Dungeon:15 true
     0 | D:1      | 0 ||| qw: Do second Lair branch before Depths: true
     0 | D:1      | 0 ||| qw: Lair rune preference: random
     0 | D:1      | 0 ||| qw: Goals: Normal
     0 | D:1      | 0 ||| PLANNING D:1-11
   119 | D:1      | Reached XP level 2. HP: 20/23 MP: 0/0
   663 | D:1      | 663 ||| UPGRADING to +0 ring mail.
   673 | D:1      | 673 ||| DROPPING +0 leather armour.
   674 | D:1      | 674 ||| UPGRADING to ring of protection from cold.
   675 | D:1      | 675 ||| READING scroll labelled OPAAVO JOER.
   675 | D:1      | 675 ||| ENCHANTING +0 shortbow.
   676 | D:1      | 676 ||| READING scroll labelled QOAQ OMMIASAA.
   777 | D:1      | 777 ||| READING scroll labelled CYLEEL VUNIRALAUTS.
   778 | D:1      | 778 ||| READING scroll labelled ARPHOJ ZEWK.
   779 | D:1      | 779 ||| DRINKING 3 bubbling grey potions.
   780 | D:1      | 780 ||| DROPPING scroll of butterflies.
   818 | D:2      | Reached skill level 4 in Ranged Weapons
   818 | D:2      | Reached XP level 3. HP: 26/28 MP: 0/0
   818 | D:2      | Learned a level 1 spell: Slow
   899 | D:2      | 899 ||| READING scroll labelled DENUQESSUR.
   907 | D:2      | Reached skill level 1 in Armour
   923 | D:2      | Reached XP level 4. HP: 33/33 MP: 0/0
  1008 | D:2      | 1008 ||| RETREEEEATING.
  1010 | D:2      | 1010 ||| RETREEEEATING.
  1018 | D:2      | HP: 7/34 [gnoll/+0 halberd (6)]
  1018 | D:2      | HP: 1/34 [gnoll/+0 club (6)]
  1019 | D:2      | Slain by a gnoll

Levels and vault maps discovered:
D:1:      dpeg_arrival_tiny_a, layout_basic
D:2:      layout_loops_cross, serial_glass, glass_columns_a, glass_columns_c

Skill      XL: |  1  2  3 |
---------------+----------+-----
Ranged Weapons | 4 |  4.0
Armour         | 1 |  1.3
Fighting       | |  2.8
Dodging        | |  2.1
Stealth        | |  0.7

Action                     |  1- 3 |  4- 6 || total
---------------------------+-------+-------++-------
   Fire: Shortbow          |    53 |    11 ||    64
    Use: Scroll            |     5 |       ||     5
         Potion            |     1 |       ||     1
 Armour: Leather armour    |     4 |       ||     4
         Ring mail         |     8 |     9 ||    17
  Dodge: Dodged            |    11 |     6 ||    17

Table legend:
 A = Non-vault XP
 B = Vault XP
 C = Vault XP percentage of total XP
 D = Non-vault monster count
 E = Vault monster count
 F = Vault count percentage of total count
                 A         B        C        D         E       F
            +---------+---------+-------+---------+---------+-------
      Total |     101 |       0 |   0.0 |      21 |       0 |   0.0
            +---------+---------+-------+---------+---------+-------
        D:1 |      21 |       0 |   0.0 |      10 |       0 |   0.0
        D:2 |      80 |       0 |   0.0 |      11 |       0 |   0.0
            +---------+---------+-------+---------+---------+-------
